 Dungeon Crawl Stone Soup version 0.31.0-12-g77e489cdc1 (webtiles) character file.

Game seed: 11750149519561399052

273278 spaghetti the Warrior (level 19, -1/163 HPs)
             Began as a Demonspawn Hexslinger on Mar 5, 2024.
             Was the Champion of Qazlal.
             Slain by a vampire knight
             ... wielding a +0 great sword
              (27 damage)
             ... while paralysed by a vampire knight
             ... on level 3 of the Vaults.
             The game lasted 01:15:40 (29403 turns).

spaghetti the Warrior (Demonspawn Hexslinger)      Turns: 29403, Time: 01:15:40

Health: -1/163     AC: 15    Str: 10    XL:     19   Next: 37%
Magic:  31/31      EV:  2    Int: 18    God:    Qazlal [******]
Gold:   2754       SH:  0    Dex: 35    Spells: 2/32 levels left

rFire   + . .        b - +6 demon blade (vamp)
rCold   . . .        (no shield)
rNeg    + . .        Z - +4 Cigotuvi's embrace {Corpsefed rMiasma ^Drain rN+}
rPois   .            k - +0 helmet of Inviolability {Harm Regen+ Int+3 Dex-3}
rElec   +            (cloak unavailable)
rCorr   .            z - +2 pair of gloves {Dex+3}
SInv    .            v - +0 pair of boots
Will    .....        d - amulet of Vitality {RegenMP++ Regen++}
Stlth   +            N - +6 ring of dexterity
HPRegen 2.87/turn    P - ring "Liusum" {^Contam Fly rElec rF+ Dex+6}
MPRegen 1.02/turn

%: harm (+30% outgoing, +20% incoming), repel missiles
@: paralysed, weak-willed, fugue, protected from physical damage, jinxed,
flying, studying Spellcasting
A: large bone plates 2, demonic guardian 1, spiny 3, corrupting presence 1,
weakness stinger 3, agile 1, wild magic 1
}: 1/15 runes: decaying
a: Renounce Religion, Upheaval, Elemental Force, Disaster Area


You were on level 3 of the Vaults.
You worshipped Qazlal.
Qazlal was exalted by your worship.
You visited 6 branches of the dungeon, and saw 32 of its levels.
You also visited: Volcano.

You collected 5042 gold pieces.
You spent 2288 gold pieces at shops.

Inventory:

Hand Weapons
 a - a +2 longbow of flaming
 b - a +6 vampiric demon blade (weapon)
 O - a +2 demon blade of venom
Missiles
 Q - 2 throwing nets
 Y - 7 javelins
Armour
 k - the +0 helmet of Inviolability (worn) {Harm Regen+ Int+3 Dex-3}
   (You took it off Robin on level 3 of the Dungeon)

   Int+3:     It affects your intelligence (+3).
   Dex-3:     It affects your dexterity (-3).
   Regen+:    It increases your rate of health regeneration.
   Harm:      It increases damage dealt and taken.
 v - a +0 pair of boots (worn)
 z - a +2 pair of gloves of dexterity (worn)
 Z - the +4 Cigotuvi's embrace (worn) {Corpsefed rMiasma ^Drain rN+}
   (You bought it in a shop on level 9 of the Dungeon)

   Corpsefed: It gathers nearby corpses to temporarily increase the armour it
   provides.
   rMiasma:   It protects you from foul pestilence.
   rN+:       It protects you from negative energy.
   ^Drain:    It drains your maximum health when unequipped.
Jewellery
 d - the amulet of Vitality (around neck) {RegenMP++ Regen++}
   (You took it off a deep elf demonologist on level 3 of the Elven Halls)

   [amulet of magic regeneration]

   RegenMP:   It increases your rate of magic regeneration.
   Regen++:   It increases your rate of health regeneration.
 e - the amulet of Humecaen {Faith rCorr Stlth+}
   (You found it on level 3 of the Swamp)

   [amulet of faith]

   Faith:     It allows you to gain divine favour quickly.
   rCorr:     It protects you from acid and corrosion.
   Stlth+:    It makes you more stealthy.
 N - a +6 ring of dexterity (left hand)
 P - the ring "Liusum" (right hand) {^Contam Fly rElec rF+ Dex+6}
   (You bought it in a shop on level 2 of the Orcish Mines)

   [ring of dexterity]

   Dex+6:     It affects your dexterity (+6).
   rF+:       It protects you from fire.
   rElec:     It insulates you from electricity.
   Fly:       It grants you flight.
   ^Contam:   It causes magical contamination when unequipped.
 S - the amulet of Zelupt {Reflect Str+6 SH+5}
   (You took it off a deep elf blademaster on level 3 of the Elven Halls)

   [amulet of reflection]

   Reflect:   It reflects blocked missile attacks.
   Str+6:     It affects your strength (+6).
   SH+5:      It affects your SH (+5).
Wands
 l - a wand of polymorph (37)
 p - a wand of flame (39)
 u - a wand of digging (7)
 B - a wand of iceblast (46)
 E - a wand of acid (21)
 H - a wand of mindburst (14)
 V - a wand of paralysis (40)
Scrolls
 c - 7 scrolls of enchant armour
 g - a scroll of torment
 j - 7 scrolls of noise
 m - 3 scrolls of amnesia
 n - 5 scrolls of vulnerability
 o - a scroll of silence
 q - 3 scrolls of fear
 s - 8 scrolls of poison
 t - 6 scrolls of blinking
 y - 8 scrolls of teleportation
 F - a scroll of revelation
 J - 9 scrolls of immolation
 K - 3 scrolls of summoning
 L - 7 scrolls of fog
 U - 6 scrolls of identify
Potions
 f - 2 potions of brilliance
 h - 4 potions of mutation
 i - 7 potions of curing
 w - a potion of magic
 x - 8 potions of enlightenment
 A - 4 potions of invisibility
 C - 4 potions of attraction
 D - a potion of resistance
 G - 5 potions of haste
 I - 2 potions of might
 M - 5 potions of heal wounds
 T - a potion of lignification {unknown}
 X - a potion of ambrosia
Miscellaneous
 r - a condenser vane
 R - a sack of spiders
 W - a phial of floods


   Skills:
 + Level 18.0 Fighting
 - Level 14.0 Long Blades
 - Level 12.0 Maces & Flails
 - Level 1.9 Ranged Weapons
 - Level 1.1 Armour
 + Level 15.3 Dodging
 - Level 7.3 Spellcasting
 - Level 3.0 Hexes
 - Level 5.0 Summonings
 - Level 9.6 Necromancy
 - Level 0.8 Fire Magic
 + Level 16.8 Invocations
 - Level 4.5 Evocations


You had 2 spell levels left.
You knew the following spells:

 Your Spells              Type           Power      Damage    Failure   Level
a - Jinxbite              Hex            44%        N/A       10%         2
b - Frozen Ramparts       Ice            16%        1d3       47%         3
c - Inner Flame           Hex/Fire       17%        N/A       26%         3
d - Fugue of the Fallen   Necr           52%        N/A       1%          3
e - Martyr's Knell        Necr/Summ      42%        N/A       11%         4
f - Death Channel         Necr           26%        N/A       47%         6
g - Dispel Undead         Necr           52%        3d19      4%          4
h - Vampiric Draining     Necr           52%        2d9       1%          3
i - Blink                 Tloc           16%        N/A       30%         2

Your spell library contained the following spells:

 Spells                   Type           Power      Damage    Failure   Level
 Necrotise                Necr           100%       1d9       1%          1
 Sublimation of Blood     Necr           52%        N/A       1%          2
 Kiss of Death            Conj/Necr      100%       2d13      3%          1
 Summon Small Mammal      Summ           100%       N/A       3%          1
 Call Imp                 Summ           62%        N/A       4%          2
 Slow                     Hex            88%        N/A       7%          1
 Cigotuvi's Dreadful Rot  Necr/Alch/Air  46%        N/A       10%         2
 Ensorcelled Hibernation  Hex/Ice        30%        N/A       17%         2
 Apportation              Tloc           16%        N/A       21%         1
 Freeze                   Ice            32%        1d5       21%         1
 Sting                    Conj/Alch      32%        1d5       21%         1
 Scorch                   Fire           24%        2d6       22%         2
 Lesser Beckoning         Tloc           16%        N/A       30%         2
 Mercury Vapours          Alch/Air       16%        N/A       30%         2
 Momentum Strike          Conj/Tloc      16%        3d8       30%         2
 Call Canine Familiar     Summ           31%        N/A       9%          3
 Curse of Agony           Necr           52%        N/A       12%         5
 Anguish                  Hex/Necr       19%        N/A       16%         4
 Confusing Touch          Hex            22%        N/A       17%         3
 Sigil of Binding         Hex            22%        N/A       17%         3
 Dazzling Flash           Conj/Hex       30%        N/A       30%         3
 Hailstorm                Conj/Ice       8%         3d5       47%         3
 Mephitic Cloud           Conj/Alch/Air  8%         N/A       47%         3
 Ozocubu's Armour         Ice            8%         N/A       47%         3
 Passwall                 Erth           8%         N/A       47%         3
 Swiftness                Air            8%         N/A       47%         3
 Cause Fear               Hex            11%        N/A       47%         4
 Dimensional Bullseye     Hex/Tloc       7%         N/A       67%         4
 Flame Wave               Conj/Fire      10%        2d6       82%         4
 Brom's Barrelling Bould  Conj/Erth      8%         2d3       86%         4
 Olgreb's Toxic Radiance  Alch           8%         N/A       86%         4
 Metabolic Englaciation   Hex/Ice        7%         N/A       95%         5
 Silence                  Hex/Air        7%         N/A       95%         5
 Summon Cactus Giant      Summ           15%        N/A       97%         6
 Fireball                 Conj/Fire      5%         3d5       98%         5
 Alistair's Intoxication  Alch           5%         N/A       99%         5
 Bombard                  Conj/Erth      4%         9d2       100%        6
 Sculpt Simulacrum        Ice/Alch       4%         N/A       100%        6
 Enfeeble                 Hex            11%        N/A       100%        7
 Malign Gateway           Summ/Tloc      10%        N/A       100%        7
 Ozocubu's Refrigeration  Ice            4%         4d8       100%        7
 Summon Hydra             Summ           15%        N/A       100%        7
 Discord                  Hex            11%        N/A       100%        8
 Summon Horrible Things   Summ           15%        N/A       100%        8
 Chain Lightning          Conj/Air       4%         3d5       100%        9
 Fire Storm               Conj/Fire      5%         8d1       100%        9
 Polar Vortex             Ice            4%         N/A       100%        9
 Shatter                  Erth           4%         3d7*      100%        9


Dungeon Overview and Level Annotations

Branches:
Dungeon (15/15)            Temple (0/1) D:5            Lair (5/5) D:9
  Swamp (4/4) Lair:2       Spider (0/4) Lair:3        Slime (0/5) Lair:4
    Orc (2/2) D:12            Elf (3/3) Orc:2        Vaults (3/5) D:13
 Depths (0/4) D:15        Volcano (visited)
  Crypt: Vaults:2-3

Altars:
Dithmenos
Kikubaaqudgha
Makhleb
Nemelex Xobeh
Okawaru
Qazlal
Ru
Uskayaw
Vehumet
Wu Jian
Xom
Yredelemnul
Jiyva
Lugonu

Shops:
D:1 *   D:7 (   D:9 *(*[=   Orc:2 (!=[   Elf:1 =[!(   Elf:2 *   Elf:3 *!=

Portals:
Hell: Lair:5
Trove: Vaults:1 (give +2 gold dragon scales)

Annotations:
D:13 2 transporters
D:14 3 runed translucent doors, Hisoilig's ghost, journeyman DgHW
Lair:4 exclusion: 3 oklob plants
Swamp:4 1 runed translucent door
Elf:2 5 runed translucent doors


Innate Abilities, Weirdness & Mutations

You are mostly covered in large bone plates. (SH +6)
A weak demonic guardian rushes to your aid.
You are completely covered in sharp spines.
Your presence sometimes corrodes those you injure.
You have a sharp stinger which inflicts weakening toxins.
You are agile. (Dex +4, Str/Int -1)
Your spells are a little harder to cast, but a little more powerful.


Message History

Unknown command.
You are too injured to fight recklessly!
You are too injured to fight recklessly!
You are too injured to fight recklessly!
You are too injured to fight recklessly!
You are too injured to fight recklessly!
You are too injured to fight recklessly!
You are too injured to fight recklessly!
You are too injured to fight recklessly!
You are too injured to fight recklessly!
You are too injured to fight recklessly!
You slash the vampire knight!
The vampire knight is moderately damaged.
The vampire knight is struck by your spines.
The vampire knight hits you with a +0 bardiche!!!
A demonic guardian appears!
You block the vampire knight's attack.
The vampire knight completely misses you. x2
You hit the vampire knight but do no damage.
The vampire knight is moderately damaged.
A giggling sprite leaps out and makes the vampire knight trip over its own feet.
Your corrupting presence corrodes the vampire knight!
The vampire knight is moderately damaged.
The vampire knight points at you and mumbles some strange words.
You suddenly lose the ability to move!
Strange energies crackle from the ironbound thunderhulk's apparatus.
The ironbound thunderhulk blinks!
Something hits you!
You feel protected from physical attacks.
Something completely misses you.
The vampire knight hits you with a +0 great sword!!
The vampire knight bites you.
The vampire knight hits you with a +0 bardiche!
* * * LOW HITPOINT WARNING * * *
You feel more protected from physical attacks.
The vampire knight bites you!
* * * LOW HITPOINT WARNING * * *
The vampire knight draws strength from your injuries!
Your hellwing barely misses the vampire knight.
Your hellwing hits the vampire knight but does no damage.
The vampire knight hits you with a +0 great sword!!
You die...

#.. ..# #... ..#
#... ...# #...
...# #...##
#...#
#...8###8W..#
#O....°{V§..+
#.##.#...§@V.#.#
#..'.§..§☼4°!..#
+#######'#######
#..### ##....###
#.....(.###
#..<......#
#..........#
#.........##


You could see an ironbound thunderhulk, 2 vampire knights, an eidolon and a
friendly hellwing (summoned).

Vanquished Creatures
  Rupert (D:14)
  2 deep elf blademasters (Elf:3)
  2 deep elf master archers (Elf:3)
  A sphinx (Vaults:2)
  Gastronok (Lair:3)
  A thorn hunter (Swamp:4)
  Donald (Elf:3)
  Agnes (Elf:1)
  Aizul (Vaults:2)
  3 fenstrider witches (Swamp:4)
  Roxanne (Swamp:3)
  4 deep elf sorcerers
  Louise (Swamp:3)
  2 deep elf elementalists
  6 vault wardens
  7 ironbound preservers
  2 very ugly things (D:15)
  Nessos (D:12)
  7 deep elf annihilators
  6 deep elf death magi (Elf:3)
  3 ironbound thunderhulks (Vaults:1)
  A bunyip (Swamp:2)
  4 deep elf demonologists (Elf:3)
  A red draconian (Volcano)
  4 eleionomae
  8 dire elephants
  Snorg (Orc:2)
  Josephine (Orc:2)
  2 deep elf high priests (Elf:3)
  2 yaktaur captains
  The ghost of Zatibaps the Spry, a journeyman FeAl of Dithmenos (Swamp:3)
  3 great orbs of eyes
  18 hydras
  Erolcha (D:12)
  3 vault guards (Vaults:2)
  A death knight (D:15)
  13 alligators
  18 two-headed ogres
  3 ironbound frosthearts
  4 boulder beetles
  2 catoblepae
  9 centaur warriors
  2 ogre magi
  4 tengu warriors
  18 dancing weapons
  7 death yaks (Lair:5)
  2 hell knights (D:15)
  An orc high priest (Elf:2)
  Urug (D:13)
  2 occultists (D:15)
  A vampire mage (D:15)
  9 deep elf knights
  A sun demon (Lair:5)
  3 skysharks
  3 goliath frogs
  3 spriggan druids
  8 swamp dragons
  A flayed ghost (D:15)
  Amaemon (Lair:4)
  13 deep trolls (Vaults:2)
  7 deep elf archers
  2 bog bodies
  2 arcanists
  4 ironbound convokers (Vaults:1)
  3 harpies (Vaults:2)
  13 ugly things
  3 orc knights
  22 deep elf pyromancers
  3 necromancers (D:15)
  5 lindwurms
  13 deep elf zephyrmancers
  2 wolf spiders (Lair:4)
  An orc sorcerer (Orc:1)
  A sphinx simulacrum (D:15)
  2 manticores (D:13)
  3 will-o-the-wisps
  A cyclops (D:15)
  A kobold blastminer (Orc:2)
  Maurice (D:9)
  A black mamba (shapeshifter) (D:14)
  16 elephants
  6 vault sentinels
  10 black mambas
  Joseph (D:7)
  21 cane toads
  4 orange demons
  2 torpor snails
  3 unseen horrors
  An efreet (D:13)
  2 gargoyles
  4 rime drakes
  14 komodo dragons
  12 yaktaurs
  4 ice devils (Lair:5)
  A tengu conjurer (D:13)
  2 trolls
  A hellwing (Lair:5)
  A red devil (Lair:5)
  9 tyrant leeches
  8 polar bears
  Prince Ribbit (D:9)
  10 hornets
  15 blink frogs
  2 spriggan zombies (D:15)
  4 dream sheep (Lair:1)
  4 fire dragon skeletons (D:15)
  16 slime creatures
  16 spriggans
  A shadow (D:9)
  4 air elementals
  56 yaks
  2 vampires
  A fire bat (D:13)
  4 wraiths
  2 water elementals
  2 wargs
  2 wyverns (Lair:1)
  3 fire elementals
  A golden eye (shapeshifter) (D:15)
  18 vampire mosquitoes
  12 basilisks
  2 steam dragons
  5 swamp worms
  4 hell hounds (Lair:5)
  16 water moccasins
  An ice beast (D:6)
  4 laughing skulls
  23 orc warriors
  Duvessa (D:4)
  7 swamp drakes
  3 sky beasts
  7 black bears (Lair:1)
  21 ogres
  12 wolves
  6 centaurs
  4 phantoms
  A bullfrog (shapeshifter) (Elf:3)
  A kobold brigand (D:11)
  3 earth elementals
  16 bullfrogs
  3 scorpions
  Dowan (D:4)
  14 killer bees
  2 howler monkeys
  3 vampire bats (D:13)
  2 bombardier beetles
  2 jellies
  16 orc priests
  A gnoll bouda (D:7)
  2 hounds (D:5)
  2 hell rats (D:13)
  6 iguanas
  17 orc wizards
  A sleepcap (D:6)
  Robin (D:3)
  11 gnolls
  4 river rats (D:13)
  10 adders
  2 white imps
  2 ufetubi (D:6)
  7 dart slugs
  5 ribbon worms
  67 orcs
  2 ball pythons
  15 bats
  5 endoplasms
  5 giant cockroaches
  18 goblins
  9 hobgoblins
  2 jackals (D:4)
  4 quokkas
  6 frilled lizards (D:13)
  12 kobolds
  12 rats
  A spectral weapon (D:7)
1031 creatures vanquished.

Vanquished Creatures (collateral kills)
  2 frost giants (D:15)
  A fenstrider witch (Swamp:2)
  A deep elf elementalist (Elf:3)
  A dire elephant (Vaults:1)
  A bunyip (Swamp:4)
  A yaktaur captain (Vaults:2)
  An alligator (Swamp:2)
  4 hydras
  An ironbound frostheart (Vaults:2)
  A spriggan air mage (Swamp:4)
  3 ogre magi (Orc:2)
  4 two-headed ogres (Orc:2)
  A centaur warrior (Vaults:2)
  A bog body (Swamp:1)
  2 spriggan druids (Swamp:4)
  A lindwurm (Swamp:4)
  2 swamp dragons (Swamp:4)
  A deep elf pyromancer (Elf:2)
  2 ugly things (D:15)
  A deep elf zephyrmancer (Elf:3)
  A yaktaur (Vaults:1)
  A hornet (Swamp:2)
  2 tyrant leeches
  A spriggan (Swamp:4)
  A golden eye (shapeshifter) (Elf:3)
  4 swamp worms
  11 ogres (Orc:2)
  An orc priest (Elf:2)
54 creatures vanquished.

Vanquished Creatures (others)
  An eleionoma (Swamp:3)
  2 deep elf knights
  A deep elf pyromancer (Elf:1)
  A deep elf zephyrmancer (Elf:1)
  A yaktaur (Vaults:2)
  A bloated husk (Swamp:3)
  An orc priest (Orc:2)
  An orc wizard (Orc:2)
  13 foxfires
22 creatures vanquished.

Grand Total: 1107 creatures vanquished

Notes
Turn   | Place    | Note
-------+----------+-------------------------------------------
     0 | D:1      | spaghetti the Demonspawn Hexslinger began the quest for the
                  | Orb.
     0 | D:1      | Reached XP level 1. HP: 15/15 MP: 2/2
     3 | D:1      | Noticed an electric eel
     4 | D:1      | Noticed an electric eel
    38 | D:1      | Found Paef's General Store.
   203 | D:1      | Gained mutation: You have a small tail. [demonic ancestry]
   203 | D:1      | Reached XP level 2. HP: 20/22 MP: 3/3
   238 | D:1      | Reached skill level 2 in Fighting
   452 | D:1      | Learned a level 2 spell: Jinxbite
   623 | D:2      | Reached skill level 3 in Fighting
   623 | D:2      | Reached XP level 3. HP: 29/29 MP: 1/4
   871 | D:2      | Gained mutation: Your spells are a little harder to cast,
                  | but a little more powerful. [potion of mutation]
   871 | D:2      | Gained mutation: You are agile. (Dex +4, Str/Int -1)
                  | [potion of mutation]
  1034 | D:2      | Gained mutation: You are partially covered in sharp spines.
                  | [demonic ancestry]
  1034 | D:2      | Reached XP level 4. HP: 30/37 MP: 5/5
  1321 | D:3      | Reached skill level 4 in Fighting
  1462 | D:3      | Identified the +0 helmet of Inviolability {Harm Regen+
                  | Int+3 Dex-3}
  1462 | D:3      | Noticed Robin
  1474 | D:3      | Killed Robin
  1578 | D:3      | Found a stormy altar of Qazlal.
  1579 | D:3      | Noticed a sky beast
  1593 | D:3      | Killed a sky beast
  1594 | D:3      | Reached skill level 5 in Fighting
  1594 | D:3      | Gained mutation: You are mostly covered in sharp spines.
                  | [demonic ancestry]
  1594 | D:3      | Reached XP level 5. HP: 32/44 MP: 3/6
  1597 | D:3      | Became a worshipper of Qazlal Stormbringer
  2222 | D:4      | Reached skill level 6 in Fighting
  2222 | D:4      | Gained mutation: You are partially covered in large bone
                  | plates. (SH +4) [demonic ancestry]
  2222 | D:4      | Reached XP level 6. HP: 51/52 MP: 7/7
  2288 | D:5      | Entered Level 5 of the Dungeon
  2291 | D:5      | Reached * piety under Qazlal
  2389 | D:5      | Reached skill level 7 in Fighting
  2409 | D:5      | Found a staircase to the Ecumenical Temple.
  2439 | D:5      | Reached XP level 7. HP: 60/60 MP: 8/8
  2603 | D:5      | Reached skill level 8 in Fighting
  2788 | D:5      | Learned a level 3 spell: Frozen Ramparts
  2792 | D:5      | Learned a level 3 spell: Inner Flame
  2839 | D:5      | Reached skill level 1 in Invocations
  3381 | D:6      | Noticed a steam dragon
  3395 | D:6      | Killed a steam dragon
  3396 | D:6      | Gained mutation: You have a tail ending in a sharp stinger.
                  | [demonic ancestry]
  3396 | D:6      | Reached XP level 8. HP: 57/70 MP: 6/11
  3510 | D:6      | Found a hide-covered altar of Uskayaw.
  3586 | D:6      | Reached skill level 9 in Fighting
  3958 | D:6      | Reached ** piety under Qazlal
  4017 | D:6      | Reached skill level 5 in Invocations
  4388 | D:4      | Noticed Duvessa
  4392 | D:4      | Noticed Dowan
  4398 | D:4      | Killed Duvessa
  4406 | D:4      | Killed Dowan
  4649 | D:1      | Bought a +0 demon whip of venom for 200 gold pieces
  5128 | D:5      | Found a sparkling altar of Nemelex Xobeh.
  5263 | D:7      | Gained mutation: You are completely covered in sharp
                  | spines. [demonic ancestry]
  5263 | D:7      | Reached XP level 9. HP: 61/78 MP: 15/15
  5590 | D:7      | Noticed Joseph
  5599 | D:7      | Killed Joseph
  5600 | D:7      | Reached skill level 10 in Fighting
  5681 | D:7      | Reached skill level 5 in Spellcasting
  5857 | D:7      | Found Riravic's Weapon Emporium.
  6150 | D:8      | Found an ancient bone altar of Kikubaaqudgha.
  6161 | D:8      | Reached *** piety under Qazlal
  6403 | D:8      | Found a radiant altar of Vehumet.
  6615 | D:8      | Learned a level 3 spell: Fugue of the Fallen
  6822 | D:9      | Reached skill level 1 in Necromancy
  6831 | D:9      | Noticed a troll
  6836 | D:9      | Killed a troll
  6837 | D:9      | Reached XP level 10. HP: 71/86 MP: 5/18
  6841 | D:9      | Reached skill level 5 in Necromancy
  6843 | D:9      | Noticed Maurice
  6849 | D:9      | Reached skill level 1 in Evocations
  6855 | D:9      | Maurice stole a ring of willpower
  6856 | D:9      | Killed Maurice
  6869 | D:9      | Reached **** piety under Qazlal
  6894 | D:9      | Found a sacrificial altar of Ru.
  6962 | D:9      | Found Batroug's Antique Weapon Shoppe.
  6972 | D:9      | Reached skill level 11 in Fighting
  6978 | D:9      | Found Upefaek's General Store.
  6992 | D:9      | Found Umapogo's Assorted Antiques.
  7000 | D:9      | Bought 2 emerald potions for 41 gold pieces
  7000 | D:9      | Bought a scroll of teleportation for 69 gold pieces
  7067 | D:9      | Noticed Prince Ribbit
  7082 | D:9      | Found an ornate altar of the Wu Jian Council.
  7089 | D:9      | Found a basalt altar of Yredelemnul.
  7109 | D:9      | Killed Prince Ribbit
  7118 | D:9      | Found Gaacaost's Antique Armour Shop.
  7127 | D:9      | Bought a shimmering chain mail for 190 gold pieces
  7127 | D:9      | Identified the +0 chain mail "Hirhamoj" {rElec Int+2} (You
                  | bought it in a shop on level 9 of the Dungeon)
  7314 | D:9      | Found a staircase to the Lair.
  7422 | D:9      | Found Myakk's Jewellery Boutique.
  7599 | D:10     | Entered Level 10 of the Dungeon
  7756 | D:10     | Noticed a two-headed ogre
  7765 | D:10     | Killed a two-headed ogre
  7766 | D:10     | Reached skill level 10 in Invocations
  7766 | D:10     | Reached XP level 11. HP: 76/93 MP: 21/21
  7919 | D:10     | Noticed a two-headed ogre
  7933 | D:10     | Killed a two-headed ogre
  8416 | D:10     | Found a shimmering altar of Xom.
  8502 | Lair:1   | Entered Level 1 of the Lair of Beasts
  8514 | Lair:1   | Reached skill level 1 in Maces & Flails
  8520 | Lair:1   | Found a dark tunnel.
  8612 | Lair:1   | Reached skill level 5 in Maces & Flails
  8683 | Volcano  | Entered a volcano
  8704 | Volcano  | Noticed a centaur warrior
  8718 | Volcano  | Noticed a red draconian
  8726 | Volcano  | Killed a centaur warrior
  8737 | Volcano  | Killed a red draconian
  8940 | Lair:1   | Reached XP level 12. HP: 100/100 MP: 23/23
  8957 | Lair:1   | Reached ***** piety under Qazlal
  9145 | Lair:1   | Reached skill level 10 in Maces & Flails
 10047 | Lair:2   | Noticed a seven-headed hydra
 10064 | Lair:2   | Killed a seven-headed hydra
 10087 | Lair:2   | Reached skill level 1 in Armour
 10173 | Lair:2   | Found a staircase to the Swamp.
 10269 | Lair:2   | You fall into a shaft and drop 2 floors!
 10280 | Lair:4   | Gained mutation: You have a sharp stinger which inflicts
                  | weakening toxins. [demonic ancestry]
 10280 | Lair:4   | Reached XP level 13. HP: 106/106 MP: 24/24
 10297 | Lair:4   | Reached skill level 5 in Dodging
 10987 | Lair:4   | Found a viscous altar of Jiyva.
 10987 | Lair:4   | Found a staircase to the Slime Pits.
 11452 | Lair:5   | Entered Level 5 of the Lair of Beasts
 11492 | Lair:5   | Reached ****** piety under Qazlal
 11516 | Lair:5   | Reached skill level 10 in Dodging
 11614 | Lair:5   | Reached XP level 14. HP: 113/113 MP: 25/25
 11619 | Lair:5   | Learned a level 4 spell: Martyr's Knell
 11626 | Lair:5   | Learned a level 6 spell: Death Channel
 11699 | Lair:5   | Reached skill level 1 in Summonings
 11847 | Lair:5   | Found a burning altar of Makhleb.
 11886 | Lair:5   | Found a gateway to Hell.
 11888 | Lair:5   | Got an earthy gem with 857 turns to spare
 12054 | Lair:5   | Got the Volume of Misfortune
 12070 | Lair:5   | Reached skill level 12 in Fighting
 12662 | Lair:3   | Noticed Amaemon
 12676 | Lair:4   | Killed Amaemon
 12762 | Lair:3   | Noticed Gastronok
 12787 | Lair:3   | Killed Gastronok
 13330 | Lair:3   | Found a hole to the Spider Nest.
 15039 | D:12     | Noticed Erolcha
 15048 | D:12     | Killed Erolcha
 15059 | D:12     | Found a shadowy altar of Dithmenos.
 15103 | D:12     | Found a staircase to the Orcish Mines.
 15197 | D:12     | Noticed Nessos
 15198 | D:12     | Killed Nessos
 15858 | D:13     | Reached skill level 5 in Summonings
 16030 | D:13     | Found a transporter.
 16031 | D:13     | Noticed a white very ugly thing
 16031 | D:13     | Noticed a red very ugly thing
 16032 | D:13     | Found a corrupted altar of Lugonu.
 16032 | D:13     | Noticed a cyan very ugly thing
 16035 | D:13     | Found a transporter.
 16060 | D:13     | Reached XP level 15. HP: 113/122 MP: 26/26
 16728 | D:9      | Bought the +4 Cigotuvi's embrace {Corpsefed rMiasma ^Drain
                  | rN+} for 552 gold pieces
 16728 | D:9      | Found the +4 Cigotuvi's embrace {Corpsefed rMiasma ^Drain
                  | rN+}
 17210 | D:14     | Learned a level 4 spell: Dispel Undead
 17233 | D:14     | Reached skill level 13 in Fighting
 17289 | D:14     | Noticed Rupert
 17293 | D:14     | Paralysed by Rupert for 4 turns
 17302 | D:14     | Killed Rupert
 17833 | D:14     | Found a runed translucent gate.
 17833 | D:14     | Found a runed translucent gate.
 17833 | D:14     | Found a runed translucent gate.
 17834 | D:14     | Noticed a frost giant
 17836 | D:14     | Identified the +0 broad axe of Articulation {freeze, rC+
                  | Dex+4}
 17837 | D:14     | Noticed Hisoilig's ghost (journeyman DgHW)
 17839 | D:14     | Found an iron altar of Okawaru.
 17872 | D:15     | Entered Level 15 of the Dungeon
 18470 | D:15     | Noticed a frost giant
 18472 | D:15     | Noticed a frost giant
 18477 | D:15     | HP: 3/124 [frost giant/bolt of cold (16)]
 18493 | D:15     | Killed a frost giant
 18512 | D:15     | Killed a frost giant
 18630 | D:15     | Found a staircase to the Depths.
 18666 | D:15     | Got Sif Muna's Grimoire of Hypothermia
 18680 | D:15     | Got the Writings on Sinister Secrets
 18865 | Orc:1    | Entered Level 1 of the Orcish Mines
 18882 | Orc:1    | Reached skill level 1 in Long Blades
 19256 | Orc:2    | Entered Level 2 of the Orcish Mines
 19259 | Orc:2    | Noticed Josephine
 19271 | Orc:2    | Killed Josephine
 19277 | Orc:2    | Reached XP level 16. HP: 77/131 MP: 23/27
 19283 | Orc:2    | Reached skill level 5 in Long Blades
 19312 | Orc:2    | Paralysed by an ogre mage for 5 turns
 19328 | Orc:2    | Paralysed by something for 2 turns
 19365 | Orc:2    | Found Tougosug's Antique Weapon Emporium.
 19366 | Orc:2    | Found Kiosueje's Jewellery Shop.
 19366 | Orc:2    | Found Nunac's Armour Shoppe.
 19366 | Orc:2    | Found Puisif's Distillery.
 19377 | Orc:2    | Bought the ring "Liusum" {^Contam Fly rElec rF+ Dex+6} for
                  | 856 gold pieces
 19424 | Orc:2    | Noticed Snorg
 19434 | Orc:2    | Killed Snorg
 19458 | Orc:2    | Found a staircase to the Elven Halls.
 19733 | Elf:1    | Entered Level 1 of the Elven Halls
 19776 | Elf:1    | Paralysed by an air elemental for 1 turns
 19890 | Elf:1    | Found Sepedeym's Armour Shoppe.
 19893 | Elf:1    | Found Engikk's Weapon Emporium.
 19893 | Elf:1    | Found Suvor's Jewellery Shoppe.
 19898 | Elf:1    | Bought a +0 pair of gloves of dexterity for 184 gold pieces
 19908 | Elf:1    | Found Riz Gesm's Distillery.
 20139 | Elf:1    | Identified the +1 cloak "Lusiad" {Dex+3}
 20179 | Elf:1    | Reached skill level 10 in Long Blades
 20350 | Elf:1    | Got the Compilation of the Barrage
 20376 | Elf:1    | Learned a level 3 spell: Vampiric Draining
 20775 | Elf:1    | Noticed Agnes
 20781 | Elf:1    | Killed Agnes
 21131 | Elf:2    | Gained mutation: A weak demonic guardian rushes to your
                  | aid. [demonic ancestry]
 21131 | Elf:2    | Reached XP level 17. HP: 98/137 MP: 16/28
 21192 | Elf:2    | Found Daareso's Neck Hole.
 21353 | Elf:2    | Found a huge runed translucent gate.
 21353 | Elf:2    | Found a huge runed translucent gate.
 21354 | Elf:2    | Found a huge runed translucent gate.
 21363 | Elf:2    | Found a huge runed translucent gate.
 21366 | Elf:2    | Found a huge runed translucent gate.
 21509 | Elf:3    | Entered Level 3 of the Elven Halls
 21650 | Elf:3    | Found Garemodu's Jewellery Shoppe.
 21652 | Elf:3    | Found Bila's Distillery.
 21656 | Elf:3    | Found Idiokol's Assorted Antiques.
 21661 | Elf:3    | Bought a potion of heal wounds for 70 gold pieces
 21663 | Elf:3    | Bought a scroll of teleportation for 126 gold pieces
 21888 | Elf:3    | Noticed a deep elf blademaster
 21898 | Elf:3    | Killed a deep elf blademaster
 22116 | Elf:3    | Noticed Donald
 22128 | Elf:3    | Killed Donald
 22348 | Elf:3    | Identified the +8 hand axe "Ylacw" {protect, rElec rPois
                  | rC- Will+}
 22348 | Elf:3    | Identified the +1 steam dragon scales of Pride {Will++}
 22351 | Elf:3    | Identified the ring "Vasch" {rC+ Str+6 Int+3}
 22354 | Elf:3    | Reached skill level 14 in Fighting
 22510 | Elf:3    | Identified the +3 falchion of Wisdom {venom, *Rage rC+ rN++
                  | Dex-3}
 22510 | Elf:3    | Identified the ring "Ahohaob" {rPois rF++ rC- rN+ Str+3}
 22589 | Elf:3    | Identified the amulet of Zelupt {Reflect Str+6 SH+5}
 22589 | Elf:3    | Noticed a deep elf blademaster
 22592 | Elf:3    | Noticed a deep elf master archer
 22599 | Elf:3    | Killed a deep elf blademaster
 22605 | Elf:3    | Killed a deep elf master archer
 22624 | Elf:3    | Identified the +1 arbalest "Rouq" {freeze, rF+}
 22630 | Elf:3    | Identified the +4 short sword of Powerful Optimality {pain,
                  | rPois rF+ rCorr}
 22638 | Elf:3    | Identified the staff "Ecohooto" {rC+ rN+ Ice Air}
 22662 | Elf:3    | Noticed a deep elf master archer
 22668 | Elf:3    | Killed a deep elf master archer
 23656 | Swamp:1  | Entered Level 1 of the Swamp
 23750 | Swamp:1  | Reached skill level 15 in Fighting
 24374 | Swamp:2  | Paralysed by a fenstrider witch for 4 turns
 24694 | Swamp:3  | Reached skill level 16 in Fighting
 24696 | Swamp:3  | Gained mutation: Your presence sometimes corrodes those you
                  | injure. [demonic ancestry]
 24696 | Swamp:3  | Reached XP level 18. HP: 151/151 MP: 29/29
 24701 | Swamp:3  | Noticed Louise
 24719 | Swamp:3  | Killed Louise
 24729 | Swamp:3  | Noticed Roxanne
 24746 | Swamp:3  | Killed Roxanne
 25016 | Swamp:3  | Found a runed translucent door.
 25025 | Swamp:3  | Noticed Zatibaps's ghost (journeyman FeAl)
 25166 | Swamp:3  | Killed Zatibaps's ghost
 25168 | Swamp:3  | Identified the amulet of Humecaen {Faith rCorr Stlth+}
 25189 | Swamp:4  | Entered Level 4 of the Swamp
 25336 | Swamp:4  | Paralysed by a fenstrider witch for 4 turns
 25396 | Swamp:4  | Got a mossy gem with 155 turns to spare
 25398 | Swamp:4  | Got a decaying rune of Zot
 25603 | Swamp:4  | Identified a scroll of acquirement
 25658 | Swamp:4  | Found a runed translucent door.
 25800 | Swamp:4  | Acquired 380 gold pieces
 26577 | D:13     | Reached skill level 17 in Fighting
 26959 | D:13     | Reached skill level 15 in Invocations
 26965 | D:13     | Found a gate to the Vaults.
 26969 | D:13     | Noticed Urug
 26978 | D:13     | Killed Urug
 27006 | D:13     | Identified the amulet "Vusyakk" {Reflect Will+ rCorr SH+5}
 27199 | Vaults:1 | Entered Level 1 of the Vaults
 28167 | Vaults:1 | Found a portal to a secret trove of treasure.
 28425 | Vaults:2 | Identified the serpent talisman "Xuatihaw" {rC+ Stlth+}
 28425 | Vaults:2 | Noticed Aizul
 28435 | Vaults:2 | Killed Aizul
 28442 | Vaults:2 | Gained mutation: You are mostly covered in large bone
                  | plates. (SH +6) [demonic ancestry]
 28442 | Vaults:2 | Reached XP level 19. HP: 113/161 MP: 30/30
 28550 | Vaults:2 | Reached skill level 15 in Dodging
 28558 | Vaults:2 | Learned a level 2 spell: Blink
 29071 | Vaults:2 | Reached skill level 18 in Fighting
 29402 | Vaults:3 | Paralysed by a vampire knight for 5 turns
 29403 | Vaults:3 | Slain by a vampire knight

Illustrated notes

Levels and vault maps discovered:
D:1:      arrival_aquarium_b, layout_basic, serial_shops, shop, st_stairs_9,
          hex_tiny
D:2:      minmay_angry_zag, layout_rooms
D:3:      layout_rooms, nicolae_qazlal_beasts_of_the_sky,
          serial_co_window_serial, co_window_of_opportunity_a,
          co_window_paths_b, co_window_paths_a, co_window_corner_a,
          co_window_paths_a, co_window_cross_1, co_window_of_opportunity_a,
          co_window_2corner, co_window_unsneaky_path_a, co_window_corner_b,
          glass_columns_c, glass_columns_b, glass_columns_c,
          dreamdust_princess_corridor, uniq_robin
D:4:      layout_cave_pools, serial_glass, glass_columns_b, glass_columns_a,
          uniq_duvessa
D:5:      layout_basic, nemelex_spade_bored_becter,
          minmay_temple_entry_overgrown
D:6:      layout_basic, eat_drink_and_be_merry_uskayaw
D:7:      layout_basic, serial_shops, nicolae_shop_trees, enter_bailey_3,
          uniq_joseph
D:8:      layout_loops_cross, nicolae_kikubaaqudgha_miasma_corner,
          vehumet_altar_wand_db, kennysheep_generic_room_16
D:9:      layout_basic, mainiacjoe_overflow_catwalk, old_standard_altar,
          minitemple, erik_lair_orcish_takeover, serial_shops,
          nicolae_shop_overgrown_old_shop, nicolae_shop_hallway_plus, shop,
          shop_statue, shop, uniq_prince_ribbit1, uniq_maurice
D:10:     layout_basic, zin_academy, nicolae_overflow_hidden_temple,
          overflow_temple_1_default
D:11:     layout_stronghold
D:12:     layout_loops_ring, david_orc_2, grunt_dithmenos_smoke_and_mirrors,
          uniq_nessos, uniq_erolcha
D:13:     gammafunk_corrupted_shrine, layout_loops_ring,
          hellmonk_vaults_order_and_chaos, hangedman_parallel_progression,
          uniq_urug
D:14:     layout_stronghold, infiniplex_staircase_pillars_3b,
          gammafunk_ghost_fury_of_okawaru, uniq_rupert
D:15:     regret_index_condemned_cage, layout_cave_pods,
          roderic_cross_of_infinity
Lair:1:   beast_lair_carwin_large_3, layout_long_grid,
          nicolae_volcano_entry_two_sided, gauntlet_entry_generic,
          nzn_random_ring, serial_bayou_shore_a
Lair:2:   layout_chaotic_city, swamp_mist, infiniplex_staircase_pool_2,
          grunt_megastairs_5
Lair:3:   layout_gridlike, dummy_spider_entry,
          grunt_forest_small_clearing_treed, uniq_gastronok, uniq_amaemon
Lair:4:   layout_layer_cave, minmay_slime_entry_oklob_enclosed,
          nicolae_lair_run_with_the_wolves
Lair:5:   evil_forest, layout_gridlike, portal_ice_cave_demonic_guard,
          infiniplex_staircase_pool
Swamp:1:  layout_basic_swamp, evilmike_swamp_ruin_house_3, swamp_pool_1_2
Swamp:2:  layout_basic_swamp, evilmike_swamp_ruin_house_5
Swamp:3:  layout_basic_swamp, gammafunk_ghost_grave, nicolae_swamp_triple_paths,
          uniq_louise, uniq_roxanne
Swamp:4:  swamp_alternative, layout_basic_swamp, swamp_pool_4,
          statue_in_the_mist_lemuel, nzn_swamp_weyward_sisters
Orc:1:    layout_diamond_mine, mines1_david
Orc:2:    st_orc_ogre_mass, layout_caves, uniq_snorg, uniq_josephine
Elf:1:    minmay_elf_crystal_square, layout_onion_city, minmay_elf_annihilation,
          minmay_shoptagon, uniq_agnes
Elf:2:    elven_hall_of_blades_hangedman_alternative
          [nicolae_blade_entry_crossed_weapons], layout_geoelf_diagonals,
          nicolae_shop_sticking_my_neck_out
Elf:3:    elf_hall_gauntlet_wide, layout_geoelf_diagonals, drop_trap,
          st_stairs_1, small_statue_intersection, minmay_shop_star, uniq_donald
Vaults:1: ontoclasm_vaults_twist, nicolae_vaults_tetromino_L_2, v_misc_16,
          nicolae_vaults_border_crossing, ontoclasm_vaults_loading_screen,
          nicolae_vaults_specimen_jars, layout_vaults_chaotic_city,
          nicolae_trove_entry_diagonal
Vaults:2: hangedman_vaults_river_flow, v_misc_4, nicolae_vaults_angled_halls,
          vaults_mumra_minichess_inversion, v_misc_1, hangedman_vaults_corner,
          nicolae_vaults_trapezoid_1, hangedman_vaults_restitches,
          nicolae_vaults_rhombus_6, nicolae_vaults_offset_grid_hallway_2,
          layout_vaults_omnicross, uniq_aizul
Vaults:3: vaults_dpeg_cross, vaults_dpeg_encased_lava, vaults_room_pool,
          nicolae_vaults_cornered_office, vaults_dpeg_diagonal, v_rooms_4,
          minmay_crypt_entry_simple_statues, nicolae_vaults_big_ls,
          nicolae_vaults_trapezoid_1, ontoclasm_vaults_misaligned, v_rooms_3,
          minmay_orc_keep, nicolae_vaults_tetromino_Z_1,
          nicolae_vaults_what_the_h, nicolae_vaults_storage_room_water,
          nicolae_vaults_little_squares_2, layout_vaults_omnibox, serial_shops,
          nicolae_shop_waterfront, uniq_mennas

Skill      XL: |  1  2  3  4  5  6  7  8  9 10 11 12 13 14 15 16 17 18 19 |
---------------+----------------------------------------------------------+-----
Fighting       | 3 5 6 7 8 9 10 11 12 13 16 17 18 | 18.0
Invocations    | 2 5 8 10 12 13 15 16 | 16.8
Spellcasting   | 2 4 5 7 |  7.3
Necromancy     | 4 5 7 9 |  9.6
Evocations     | 4 |  4.5
Maces & Flails | 8 12 | 12.0
Armour         | 1 |  1.1
Dodging        | 4 11 12 13 14 15 | 15.3
Summonings     | 5 |  5.0
Long Blades    | 4 12 14 | 14.0
Ranged Weapons | |  1.9
Hexes          | |  3.0
Fire Magic     | |  0.8

Action                     |  1- 3 |  4- 6 |  7- 9 | 10-12 | 13-15 | 16-18 | 19-21 || total
---------------------------+-------+-------+-------+-------+-------+-------+-------++-------
  Melee: Unarmed           |       |       |     5 |       |       |       |       ||     5
         Tailslap          |       |       |     7 |    99 |   302 |   176 |    35 ||   619
         Demon whip        |       |       |    56 |   491 |  1189 |       |       ||  1736
         Punch             |       |       |     2 |     7 |    26 |    16 |     9 ||    60
         Demon blade       |       |       |       |       |    77 |   847 |   145 ||  1069
   Fire: Sling             |   131 |   124 |   230 |    52 |       |       |       ||   537
         Longbow           |       |       |       |       |    41 |       |       ||    41
   Cast: Jinxbite          |     7 |     8 |    14 |     5 |    12 |     6 |     1 ||    53
         Fugue of the Fall |       |       |     1 |    12 |    31 |    34 |     5 ||    83
         Martyr's Knell    |       |       |       |       |     1 |     1 |       ||     2
         Death Channel     |       |       |       |       |       |    15 |     3 ||    18
         Frozen Ramparts   |       |       |       |       |       |       |     1 ||     1
 Invoke: Disaster Area     |       |       |       |       |     6 |     3 |       ||     9
         Upheaval          |       |       |       |       |       |     1 |       ||     1
         Elemental Force   |       |       |       |       |       |     1 |       ||     1
    Use: Scroll            |     3 |     3 |     5 |     6 |     4 |     7 |       ||    28
         Potion            |     3 |     1 |     4 |     3 |     2 |       |       ||    13
   Stab: Distracted        |       |       |       |       |       |     3 |     2 ||     5
 Armour: Robe              |    42 |    39 |    61 |       |       |       |       ||   142
         Leather armour    |       |       |    49 |   250 |   300 |   357 |    62 ||  1018
         Scale mail        |       |       |       |       |   244 |       |       ||   244
  Dodge: Dodged            |    40 |    32 |    96 |   218 |   574 |   608 |   153 ||  1721
         Repelled          |       |       |       |       |     8 |    20 |       ||    28
  Block: Other             |       |     8 |    58 |   187 |   420 |   274 |    67 ||  1014
